 Dungeon Crawl Stone Soup version 0.30-a0-585-g93115170b9 (webtiles) character file.

Game seed: 3937505334430565936

130 bande the Covered (level 5, -4/33 HPs)
             Began as a Gargoyle Fighter on Jan 3, 2023.
             Slain by Terence
             ... wielding a +0 flail of holy wrath
              (8 damage)
             ... on level 3 of the Dungeon.
             The game lasted 00:04:34 (2642 turns).

bande the Covered (Gargoyle Fighter)                Turns: 2642, Time: 00:04:34

Health: -4/33      AC: 14    Str: 20    XL:     5   Next: 14%
Magic:  5/5        EV: 10    Int:  8    God:
Gold:   127        SH:  4    Dex: 11    Spells: 4/4 levels left

rFire   . . .      SeeInvis .    a - +0 war axe
rCold   . . .      Faith    .    c - +0 buckler
rNeg    + . .      Spirit   .    r - +3 ring mail of Yredelemnul's Wrath {rElec}
rPois   ∞          Reflect  .    (no helmet)
rElec   +          Harm     .    (no cloak)
rCorr   .          Rampage  .    (no gloves)
Will    .....                    b - +0 pair of boots
Stlth   +                        e - amulet of the acrobat
HPRegen 0.25/turn                (no ring)
MPRegen 0.09/turn                (no ring)

@: no status effects
A: sickness immunity, AC +4, negative energy resistance 1, electricity
resistance, torment resistance 1, petrification resistance
a: no special abilities


You were on level 3 of the Dungeon.
You visited 1 branch of the dungeon, and saw 3 of its levels.

You collected 127 gold pieces.

Inventory:

Hand Weapons
 a - a +0 war axe (weapon)
 q - a +0 flail
Armour
 b - a +0 pair of boots (worn)
 c - a +0 buckler (worn)
 r - the +3 ring mail of Yredelemnul's Wrath (worn) {rElec}
   (You found it on level 3 of the Dungeon)

   rElec:     It insulates you from electricity.
Jewellery
 e - an amulet of the acrobat (around neck)
Wands
 m - a wand of mindburst (16)
Scrolls
 f - 2 scrolls of immolation {unknown}
 g - 3 scrolls of teleportation {unknown}
 h - 4 scrolls of blinking {unknown}
 i - 6 scrolls of identify {unknown}
 k - a scroll of brand weapon {unknown}
 n - a scroll of amnesia {unknown}
 v - a scroll of poison {unknown}
Potions
 d - 2 potions of might
 j - a potion of cancellation {unknown}
 l - a potion of lignification {unknown}
 o - a potion of attraction {unknown}
 p - a potion of flight {unknown}
 s - a potion of heal wounds {unknown}
 t - a potion of haste {unknown}
 u - a potion of resistance {unknown}


   Skills:
 + Level 3.8 Fighting
 + Level 3.2 Axes
 + Level 4.1 Armour
 + Level 3.8 Shields
 * Level 1.0 Evocations


You had 4 spell levels left.
You didn't know any spells.
Your spell library contained the following spells:

 Spells                   Type           Power      Damage    Failure   Level
 Beastly Appendage        Tmut           0%         N/A       67%         1
 Wereblood                Tmut           0%         N/A       80%         2
 Kindle Blastsparks       Fire/Tloc/Air  0%         2d10      95%         3
 Spider Form              Tmut/Pois      0%         N/A       95%         3
 Fulminant Prism          Conj/Hex       0%         3d5       100%        4
 Iskenderun's Mystic Bla  Conj/Tloc      0%         2d3       100%        4
 Lee's Rapid Deconstruct  Erth           0%         3d4*      100%        5
 Summon Hydra             Summ           0%         N/A       100%        7
 Sublimation of Blood     Necr           Unusable   N/A       N/A         2

Dungeon Overview and Level Annotations

Branches:
Dungeon (3/15)

Altars:

Shops:
D:1 ![(

Annotations:
D:3 Terence


Innate Abilities, Weirdness & Mutations

You are immune to sickness and miasma.
Your stone body is resilient. (AC +4)
You are immune to poison.
You resist negative energy. (rN+)
You are resistant to electric shocks. (rElec)
You are resistant to unholy torment.
You are immune to petrification.


Message History

You barely miss Terence. You hit the rat. The rat bites you but does no damage.
Terence barely misses you.
You closely miss the rat.
The rat is moderately wounded.
You closely miss Terence. The rat closely misses you.
Terence barely misses you.
You slash the rat!
You kill the rat!
You completely miss Terence. Terence closely misses you.
Terence hits you with a +0 flail of holy wrath.
You barely miss Terence.
Terence hits you with a +0 flail of holy wrath.
You barely miss Terence.
Terence hits you with a +0 flail of holy wrath.
You hit Terence.
Terence is moderately wounded.
Terence barely misses you. x2
You closely miss Terence.
Terence is moderately wounded.
Terence hits you with a +0 flail of holy wrath.
You are too injured to fight recklessly!
You are too injured to fight recklessly!
You are too injured to fight recklessly!
You are too injured to fight recklessly!
You are too injured to fight recklessly!
You are too injured to fight recklessly!
You hit Terence but do no damage.
Terence is moderately wounded.
Terence closely misses you.
Terence hits you with a +0 flail of holy wrath.
* * * LOW HITPOINT WARNING * * *
You barely miss Terence.
Terence is moderately wounded.
Terence hits you with a +0 flail of holy wrath.
* * * LOW HITPOINT WARNING * * *
You hit Terence.
Terence is heavily wounded.
Terence closely misses you.
Terence hits you with a +0 flail of holy wrath!
You die...

###.# ##... #...# ...#
#..## #.### ...###
####..#. #.### ....?#
#.....#. #.#.. .....#
#.##..## #.#.# .....#
#.##..#. #.#.###.<..#
#.##..#.
#.#.##.....#####.###.#.
#.#.#.@@# #.....# #.##
#....#.#.# #.##### #.#.
##.......<.#.# #.#.
#.#.#.#^###.# #.##
#.##...## #.# #... #.#
#.#####.#### #### ...
#.##.÷.....# #
###.#.##.......#######
...................


You could see Terence.

Vanquished Creatures
  An orc priest (D:3)
  An adder (D:3)
  An ufetubus (D:2)
  2 worms
  A dart slug (D:1)
  4 orcs (D:3)
  8 endoplasms
  A giant cockroach (D:2)
  11 goblins
  10 hobgoblins
  5 jackals (D:2)
  A quokka (D:1)
  7 ball pythons
  5 bats
  2 frilled lizards
  3 kobolds (D:3)
  5 rats
68 creatures vanquished.

Vanquished Creatures (others)
  2 plants (D:3)
2 creatures vanquished.

Grand Total: 70 creatures vanquished

Notes
Turn   | Place    | Note
-------+----------+-------------------------------------------
     0 | D:1      | bande the Gargoyle Fighter began the quest for the Orb.
     0 | D:1      | Reached XP level 1. HP: 14/14 MP: 1/1
   138 | D:1      | Found Kulod's Antique Armour Emporium.
   146 | D:1      | Reached XP level 2. HP: 16/19 MP: 2/2
   173 | D:1      | Found Duarad's Weapon Shoppe.
   473 | D:1      | Found Tuoseck's Distillery.
   798 | D:1      | Found a faded altar of an unknown god.
  1125 | D:2      | Reached XP level 3. HP: 23/23 MP: 3/3
  1999 | D:3      | Reached XP level 4. HP: 28/28 MP: 4/4
  2022 | D:3      | Reached skill level 4 in Armour
  2068 | D:3      | Identified the +3 ring mail of Yredelemnul's Wrath {rElec}
  2306 | D:3      | Reached skill level 1 in Evocations
  2307 | D:3      | Reached XP level 5. HP: 30/33 MP: 5/5
  2626 | D:3      | Noticed Terence
  2642 | D:3      | Slain by Terence

Illustrated notes

Levels and vault maps discovered:
D:1:      minmay_arrival_four_houses, layout_loops_cross,
          dreamdust_ecumenical_altar_hidden_monk_grotto, serial_shops,
          nicolae_lakefront_shop, nicolae_shop_overgrown_old_shop,
          shop_fountains
D:2:      layout_basic
D:3:      corexii_shack_village, layout_loops_ring, minmay_ogre_servants,
          uniq_natasha, uniq_terence

Skill      XL: |  1  2  3  4 |
---------------+-------------+-----
Axes           | 2 3 |  3.2
Armour         | 4 |  4.1
Evocations     | 1 |  1.0
Fighting       | |  3.8
Shields        | |  3.8

Action                   |  1- 3 |  4- 6 || total
-------------------------+-------+-------++-------
Melee: War axe           |   101 |    75 ||   176
Armor: Scale mail        |    67 |     7 ||    74
       Ring mail         |       |    30 ||    30
Dodge: Dodged            |    76 |    37 ||   113
Block: Buckler           |    25 |    18 ||    43

Table legend: (Time is in decaauts)
 A = Elapsed time spent in this place.
 B = Non-inter-level travel time spent in this place.
 C = Inter-level travel time spent in this place.
 D = Time resting spent in this place.
 E = Time spent auto-exploring this place.
 F = Levels seen in this place.
 G = Mean time per level.
                   A        B        C        D        E       F      G
               +--------+--------+--------+--------+--------+-----+--------+
         Total |   2714 |   2642 |     72 |    169 |   1902 |   3 |  904.7 |
       Dungeon |   2714 |   2642 |     72 |    169 |   1902 |   3 |  904.7 |
               +--------+--------+--------+--------+--------+-----+--------+

Top non-repeatable levels by time:
     D:2: 1063 daAuts
     D:1: 871 daAuts
     D:3: 779 daAuts
